AoeStats
← Saloon_F_F

Arabian Desert

510144920Analyzed
1v1 RM · 4d ago on Sep 29, 2026· 13m 58s· 2 players
Game mode
Random Map
Map size
Tiny (2 player)
Population
200
Speed
Normal
Resources
Standard
Victory
Conquest
Starting age
Dark Age
Ending age
Imperial Age
RankedLock teamsTeams togetherTeam positionsShared explorationLock speedFull tech treeHidden civsTurbo modeCheats
Victory
Defeat
1610
+19
🇳🇱 Jurchens · Netherlands
1680
-19
Saloon_F_F
7:10 Loom
9:46 Feudal Age
10:23 Double-Bit Axe
11:43 Horse Collar
Zaccanasta Commissario
6:59 Loom
9:14 Feudal Age
10:10 Double-Bit Axe
10:08 Horse Collar
Connection lost

Rejoining the realm…

Still unreachable

The connection could not be restored.

Session expired

The server has moved on; the page needs a fresh start.